[Event "Austrian Youth-ch U16 Boys 2024"]
[Site "Leibnitz"]
[Date "2024.03.26"]
[Round "5.7"]
[White "Schramml, Fabian"]
[Black "Jetzl, Julian"]
[Result "0-1"]
[ECO "B90"]
[WhiteElo "1894"]
[BlackElo "1998"]
[Annotator "RC"]
[PlyCount "85"]
[EventDate "2024.03.23"]
[EventType "swiss"]
[EventCountry "AUT"]
[SourceTitle "playchess.com"]
[Source "ChessBase"]
[SourceQuality "1"]
[TimeControl "5400+30"]

1. e4 c5 2. Nf3 d6 3. d4 cxd4 4. Nxd4 Nf6 5. Nc3 a6 6. h3 e5 7. Nf3 Be7 8. g4 Be6 9. g5 Nfd7 10. h4 b5 11. a4 b4 12. Nd5 Nc5 13. Be3 Nbd7 14. Nxb4 Nxe4 15. Nc6 Qc7 16. Nxe7 Kxe7 17. Nd2 Nxd2 18. Qxd2 Rhd8 19. Bg2 Rac8 20. Rc1 a5 21. b3 Nc5 22. f4 d5 23. fxe5 Ne4 24. Bxe4 dxe4 25. Bd4 Bxb3 26. c3 Qc4 27. Kf2 Bxa4 28. Rhe1 Bc6 29. Ra1 a4 30. Ra3 Kf8 31. Rb1 Rb8 32. Rxb8 Rxb8 33. Kg3 Kg8 34. Ba7 Re8 35. Qd4 Qf1 36. c4 e3 37. Qxe3 Qxc4 38. Qc3 Qd5 39. Bd4 Rd8 40. Bb6 Qg2+ 41. Kf4 Rd1 42. Qg3 Rf1+ 43. Kg4 0-1

[Event "Austrian Youth-ch U16 Boys 2024"]
[Site "Leibnitz"]
[Date "2024.03.26"]
[Round "5.8"]
[White "Squasi, Ernesto"]
[Black "Gschwandtl, Alexander"]
[Result "0-1"]
[ECO "C82"]
[WhiteElo "1743"]
[BlackElo "1997"]
[Annotator "NA RC"]
[PlyCount "32"]
[EventDate "2024.03.23"]
[EventType "swiss"]
[EventCountry "AUT"]
[SourceTitle "playchess.com"]
[Source "ChessBase"]
[SourceQuality "1"]
[TimeControl "5400+30"]

1. e4 e5 2. Nf3 Nc6 3. Bb5 a6 4. Ba4 Nf6 5. O-O Nxe4 6. d4 b5 7. Bb3 d5 8. dxe5 Be6 9. c3 Bc5 10. Bf4 g5 11. Nxg5 Nxg5 12. Bxg5 Qxg5 13. Bxd5 O-O-O 14. Bxe6+ fxe6 15. Qf3 Kb7 16. a4 Rhf8 0-1

[Event "Austrian Youth-ch U16 Boys 2024"]
[Site "Leibnitz"]
[Date "2024.03.27"]
[Round "6.1"]
[White "Maier, Tobias"]
[Black "Leitgeb, Julian"]
[Result "0-1"]
[ECO "B48"]
[WhiteElo "1893"]
[BlackElo "2130"]
[Annotator "RC"]
[PlyCount "82"]
[EventDate "2024.03.23"]
[EventType "swiss"]
[EventCountry "AUT"]
[SourceTitle "playchess.com"]
[Source "ChessBase"]
[SourceQuality "1"]
[TimeControl "5400+30"]

1. e4 c5 2. Nf3 Nc6 3. d4 cxd4 4. Nxd4 e6 5. Nc3 Qc7 6. Be3 a6 7. Qf3 b5 8. Nxc6 Qxc6 9. Bd3 b4 10. Ne2 Nf6 11. O-O Bb7 12. Nd4 Qc7 13. Rac1 d5 14. exd5 Bxd5 15. Qh3 Bd6 16. c3 bxc3 17. Rxc3 Qb7 18. b3 Be5 19. Rfc1 O-O 20. Bg5 Ne4 21. Bxe4 Bxe4 22. Be3 Rfd8 23. f3 Bxd4 24. Bxd4 Rxd4 25. fxe4 Qxe4 26. Rc7 Rad8 27. Rc8 h6 28. Rxd8+ Rxd8 29. Qc3 Qe2 30. a3 Rd2 31. Qc8+ Kh7 32. Qc6 f5 33. b4 e5 34. Qf3 Qxf3 35. gxf3 Kg6 36. Rc6+ Kg5 37. Rxa6 Kf4 38. b5 Kxf3 39. h4 e4 40. b6 Rb2 41. Ra5 f4 0-1

[Event "Austrian Youth-ch U16 Boys 2024"]
[Site "Leibnitz"]
[Date "2024.03.27"]
[Round "6.2"]
[White "Stickler, Florentin"]
[Black "Nguyen, Le Minh Phu"]
[Result "0-1"]
[ECO "B50"]
[WhiteElo "1885"]
[BlackElo "2218"]
[Annotator "RC"]
[PlyCount "58"]
[EventDate "2024.03.23"]
[EventType "swiss"]
[EventCountry "AUT"]
[SourceTitle "playchess.com"]
[Source "ChessBase"]
[SourceQuality "1"]
[TimeControl "5400+30"]

1. e4 c5 2. Nf3 d6 3. c3 Nf6 4. h3 g6 5. Bd3 Bg7 6. Bc2 O-O 7. O-O Nc6 8. d4 cxd4 9. cxd4 Nb4 10. Bb3 Bd7 11. a3 Nc6 12. Nc3 Rc8 13. Re1 Ne8 14. Be3 Na5 15. Ba2 a6 16. Rc1 b5 17. Nd2 e6 18. b4 Nc6 19. Nf3 h6 20. d5 Nxb4 21. axb4 Bxc3 22. Rxc3 Rxc3 23. Bxh6 e5 24. Bxf8 Kxf8 25. Qd2 Qc8 26. Qh6+ Kg8 27. Ng5 Nf6 28. f4 Rg3 29. fxe5 Qc2 0-1

[Event "Austrian Youth-ch U16 Boys 2024"]
[Site "Leibnitz"]
[Date "2024.03.27"]
[Round "6.3"]
[White "Gruenwald, Simon"]
[Black "Wu, Chenshan"]
[Result "0-1"]
[ECO "C42"]
[WhiteElo "2117"]
[BlackElo "1815"]
[Annotator "RC"]
[PlyCount "110"]
[EventDate "2024.03.23"]
[EventType "swiss"]
[EventCountry "AUT"]
[SourceTitle "playchess.com"]
[Source "ChessBase"]
[SourceQuality "1"]
[TimeControl "5400+30"]

1. e4 e5 2. Nf3 Nf6 3. Nxe5 d6 4. Nf3 Nxe4 5. d4 d5 6. Bd3 Bd6 7. O-O O-O 8. c4 c6 9. Qc2 Nf6 10. Bg5 h6 11. Bh4 Be6 12. c5 Be7 13. Ne5 Nbd7 14. f4 Nxe5 15. dxe5 Ne4 16. Bxe7 Qxe7 17. b4 f5 18. exf6 Qxf6 19. Na3 Qd4+ 20. Kh1 Qxb4 21. Qb3 Qxb3 22. axb3 Nxc5 23. Bc2 Bf5 24. Bxf5 Rxf5 25. g4 Rf7 26. b4 Nd3 27. f5 Nxb4 28. h4 Re8 29. Rae1 Rfe7 30. Rxe7 Rxe7 31. g5 Re4 32. g6 Rxh4+ 33. Kg2 Kf8 34. f6 Rg4+ 35. Kh3 Rxg6 36. fxg7+ Kxg7 37. Rb1 a5 38. Re1 Kf7 39. Kh4 b5 40. Kh5 Re6 41. Rf1+ Rf6 42. Rc1 d4 43. Rc5 d3 44. Nb1 a4 45. Nc3 d2 46. Re5 a3 47. Re2 Rd6 48. Rf2+ Kg7 49. Rg2+ Kh7 50. Rg1 a2 51. Ra1 Rd3 52. Nd1 Ra3 53. Nb2 Nc2 54. Na4 Rxa4 55. Re1 Rh4+ 0-1

[Event "Austrian Youth-ch U16 Boys 2024"]
[Site "Leibnitz"]
[Date "2024.03.27"]
[Round "6.5"]
[White "Geroe, Leonhard"]
[Black "Nicolussi, Hieronymus"]
[Result "1-0"]
[ECO "A48"]
[WhiteElo "2094"]
[BlackElo "1861"]
[Annotator "NA RC"]
[PlyCount "43"]
[EventDate "2024.03.23"]
[EventType "swiss"]
[EventCountry "AUT"]
[SourceTitle "playchess.com"]
[Source "ChessBase"]
[SourceQuality "1"]
[TimeControl "5400+30"]

1. d4 Nf6 2. Bf4 g6 3. Nf3 Bg7 4. e3 O-O 5. h3 d6 6. Be2 Nbd7 7. O-O Qe8 8. Bh2 e5 9. dxe5 dxe5 10. Nbd2 Qe7 11. c3 Rd8 12. Qc2 Ne8 $11 13. Nc4 b5 14. Na5 Qc5 15. b4 Qb6 16. c4 bxc4 17. Bxc4 Ba6 18. Bxa6 Qxa6 19. Nc6 Rdb8 20. Nxb8 Rxb8 21. Rfd1 Nd6 22. Qxc7 1-0

[Event "Austrian Youth-ch U16 Boys 2024"]
[Site "Leibnitz"]
[Date "2024.03.27"]
[Round "6.6"]
[White "Gschwandtl, Alexander"]
[Black "Raber, Eduard"]
[Result "1-0"]
[ECO "B00"]
[WhiteElo "1997"]
[BlackElo "1768"]
[Annotator "NA RC"]
[PlyCount "85"]
[EventDate "2024.03.23"]
[EventType "swiss"]
[EventCountry "AUT"]
[SourceTitle "playchess.com"]
[Source "ChessBase"]
[SourceQuality "1"]
[TimeControl "5400+30"]

1. e4 b6 2. d4 e6 3. Bd3 Bb7 4. Nf3 c5 5. c3 cxd4 6. cxd4 Nf6 7. Nc3 Bb4 8. Bg5 h6 9. Bxf6 Qxf6 10. O-O O-O 11. Ne2 h5 12. a3 Be7 13. Rc1 Nc6 14. Qd2 g5 15. Qe3 g4 $11 16. Nd2 Qg7 17. f4 f5 18. e5 h4 19. Rc2 h3 20. g3 Rfd8 21. Bc4 Kh7 22. Rfc1 a6 23. b4 b5 24. Bd3 Bxb4 25. axb4 Nxb4 26. Rc7 Nd5 27. Qf2 Nxc7 28. Rxc7 Bc6 29. Nb3 a5 30. Nc5 Qf7 31. d5 Bxd5 32. Bxb5 Rac8 33. Ra7 Ra8 34. Rc7 Rab8 35. Nc3 Kg6 36. Qd4 Rdc8 37. Rxd7 Qf8 38. Rd6 Qf7 39. Qxd5 Rxc5 40. Qxc5 Qb7 41. Rxe6+ Kh5 42. Qc6 Qa7+ 43. Kf1 1-0

[Event "Austrian Youth-ch U16 Boys 2024"]
[Site "Leibnitz"]
[Date "2024.03.27"]
[Round "6.7"]
[White "Standhartinger, Joachim"]
[Black "Guba, Viktor"]
[Result "1/2-1/2"]
[ECO "C55"]
[WhiteElo "1930"]
[BlackElo "1892"]
[Annotator "NA RC"]
[PlyCount "68"]
[EventDate "2024.03.23"]
[EventType "swiss"]
[EventCountry "AUT"]
[SourceTitle "playchess.com"]
[Source "ChessBase"]
[SourceQuality "1"]
[TimeControl "5400+30"]

1. e4 e5 2. Nf3 Nc6 3. Bc4 Nf6 4. d3 Be7 5. O-O O-O 6. Nbd2 a6 7. Bb3 d5 8. exd5 Nxd5 9. Re1 f6 10. Ne4 Kh8 11. d4 exd4 $1 12. Nxd4 Ndb4 $16 (12... Na5 $11) 13. Nxc6 Qxd1 14. Rxd1 Nxc6 15. Bf4 Ne5 16. Ng5 Bc5 17. Ne6 Bxe6 18. Bxe6 Bd6 19. Be3 Rfe8 20. Bd5 Rab8 21. Ba7 Ra8 22. Bd4 c6 23. Bb3 Rad8 24. Bb6 Rd7 25. c4 Bb8 26. g3 Rde7 27. Bd8 Rd7 28. Ba5 Rde7 29. Bb4 Re6 30. f4 Ng4 31. Re1 Ba7+ 32. Kg2 Bd4 33. Rxe6 Rxe6 34. c5 Re8 1/2-1/2

[Event "Austrian Youth-ch U16 Boys 2024"]
[Site "Leibnitz"]
[Date "2024.03.27"]
[Round "6.8"]
[White "Groessing, Daniel-Yosuke"]
[Black "Steinwidder, Jonathan"]
[Result "1/2-1/2"]
[ECO "A70"]
[WhiteElo "1897"]
[BlackElo "1834"]
[Annotator "NA RC"]
[PlyCount "44"]
[EventDate "2024.03.23"]
[EventType "swiss"]
[EventCountry "AUT"]
[SourceTitle "playchess.com"]
[Source "ChessBase"]
[SourceQuality "1"]
[TimeControl "5400+30"]

1. d4 Nf6 2. c4 e6 3. Nf3 c5 4. d5 exd5 5. cxd5 d6 6. Nc3 Nbd7 7. e4 a6 8. a4 g6 9. Bd3 Bg7 10. O-O O-O 11. Bf4 Qc7 12. h3 Re8 13. Nd2 $16 Nh5 14. Bh2 Be5 15. f4 Bd4+ 16. Kh1 Nhf6 17. Qf3 b6 18. Rab1 Bb7 19. Ne2 Bxd5 20. Nxd4 cxd4 21. Rfc1 Bc6 22. Rc4 Nc5 1/2-1/2

[Event "Austrian Youth-ch U16 Boys 2024"]
[Site "Leibnitz"]
[Date "2024.03.28"]
[Round "7.1"]
[White "Leitgeb, Julian"]
[Black "Nguyen, Le Minh Phu"]
[Result "1/2-1/2"]
[ECO "B08"]
[WhiteElo "2130"]
[BlackElo "2218"]
[Annotator "RC"]
[PlyCount "51"]
[EventDate "2024.03.23"]
[EventType "swiss"]
[EventCountry "AUT"]
[SourceTitle "playchess.com"]
[Source "ChessBase"]
[SourceQuality "1"]
[TimeControl "5400+30"]

1. e4 d6 2. d4 Nf6 3. Nc3 g6 4. Be3 c6 5. h3 Nbd7 6. Nf3 Bg7 7. a4 Qc7 8. Be2 O-O 9. O-O Re8 10. a5 e5 11. dxe5 Nxe5 12. Nxe5 dxe5 13. Bc4 Be6 14. Bxe6 Rxe6 15. Qe2 Ne8 16. f3 Nd6 17. b3 Bf8 18. Rfd1 f5 19. Qf2 Nb5 20. Nxb5 cxb5 21. Rd5 Rc6 22. exf5 gxf5 23. f4 Rxc2 24. Qg3+ Qg7 25. Qxg7+ Bxg7 26. fxe5 1/2-1/2

[Event "Austrian Youth-ch U16 Boys 2024"]
[Site "Leibnitz"]
[Date "2024.03.28"]
[Round "7.2"]
[White "Geroe, Leonhard"]
[Black "Jetzl, Julian"]
[Result "1-0"]
[ECO "D00"]
[WhiteElo "2094"]
[BlackElo "1998"]
[Annotator "RC"]
[PlyCount "155"]
[EventDate "2024.03.23"]
[EventType "swiss"]
[EventCountry "AUT"]
[SourceTitle "playchess.com"]
[Source "ChessBase"]
[SourceQuality "1"]
[TimeControl "5400+30"]

1. d4 Nf6 2. Bg5 g6 3. Bxf6 exf6 4. e3 d5 5. Nd2 Bd6 6. Bd3 Nd7 7. Ne2 f5 8. c4 Nf6 9. c5 Be7 10. b4 h5 11. a4 h4 12. h3 Nh5 13. Qc2 Bg5 14. Nf3 Qf6 15. a5 c6 16. b5 O-O 17. O-O Bh6 18. a6 Re8 19. axb7 Bxb7 20. bxc6 Bxc6 21. Ra6 f4 22. Ne5 Re6 23. e4 f3 24. Ng4 Qg5 25. gxf3 Rae8 26. Qc1 dxe4 27. fxe4 Bxe4 28. Qxg5 Bxg5 29. Rxe6 Rxe6 30. Bc4 Re7 31. Nc3 Bf3 32. Ne5 Ba8 33. Rb1 Bd2 34. Rb8+ Kg7 35. Nb1 Bf4 36. Rxa8 Bxe5 37. dxe5 Rxe5 38. Nd2 Rxc5 39. Rxa7 Rf5 40. f3 Nf4 41. Bf1 Rd5 42. Ne4 Rd1 43. Kf2 Ne6 44. Bc4 Nd8 45. Ng5 Rd4 46. Nxf7 Nc6 47. Rc7 Na5 48. Ne5+ Kf6 49. Ng4+ Kf5 50. Rc5+ Kf4 51. Rxa5 Rxc4 52. Ra2 Rb4 53. Ne3 Rd4 54. Ng2+ Kg5 55. Ra5+ Kf6 56. Ke3 Rb4 57. Ra3 g5 58. Ne1 Rb1 59. Nd3 Rh1 60. Nf2 Re1+ 61. Kd2 Rb1 62. Ke2 Kf5 63. Nd3 Rh1 64. Ra5+ Kg6 65. Nf2 Rb1 66. Ne4 Rb2+ 67. Ke3 Rb3+ 68. Ke2 Rb2+ 69. Nd2 Rc2 70. Kd3 Rc1 71. Ne4 Rg1 72. Rxg5+ Rxg5 73. Nxg5 Kxg5 74. Ke4 Kf6 75. Kf4 Ke6 76. Kg5 Ke5 77. f4+ Ke6 78. Kg6 1-0

[Event "Austrian Youth-ch U16 Boys 2024"]
[Site "Leibnitz"]
[Date "2024.03.28"]
[Round "7.3"]
[White "Wu, Chenshan"]
[Black "Gschwandtl, Alexander"]
[Result "1-0"]
[ECO "E32"]
[WhiteElo "1815"]
[BlackElo "1997"]
[Annotator "RC"]
[PlyCount "99"]
[EventDate "2024.03.23"]
[EventType "swiss"]
[EventCountry "AUT"]
[SourceTitle "playchess.com"]
[Source "ChessBase"]
[SourceQuality "1"]
[TimeControl "5400+30"]

1. d4 Nf6 2. c4 e6 3. Nc3 Bb4 4. Qc2 b6 5. a3 Bxc3+ 6. Qxc3 Bb7 7. f3 d5 8. Bg5 Nbd7 9. e3 h6 10. Bh4 O-O 11. cxd5 exd5 12. Bd3 Re8 13. Ne2 Qe7 14. Bf2 Rac8 15. O-O c5 16. Qd2 c4 17. Bc2 Qd6 18. Nc3 a6 19. Rfe1 b5 20. e4 Qb6 21. e5 Nh7 22. f4 a5 23. f5 b4 24. axb4 axb4 25. Ne2 f6 26. e6 Nb8 27. Nf4 Na6 28. Ba4 Bc6 29. Bxc6 Qxc6 30. Nxd5 Qxd5 31. Rxa6 c3 32. bxc3 bxc3 33. Qc2 Re7 34. h4 Nf8 35. Rea1 Rb8 36. R6a5 Qc6 37. Rc5 Qd6 38. Qxc3 Reb7 39. Bg3 Rb1+ 40. Kh2 Qb6 41. Rxb1 Qxb1 42. Bxb8 Qxb8+ 43. Kh1 Qb1+ 44. Qc1 Qe4 45. Qd2 Qxh4+ 46. Kg1 Qe4 47. d5 Qxf5 48. e7 Qb1+ 49. Rc1 Qb6+ 50. Kh1 1-0

[Event "Austrian Youth-ch U16 Boys 2024"]
[Site "Leibnitz"]
[Date "2024.03.28"]
[Round "7.4"]
[White "Maier, Tobias"]
[Black "Stickler, Florentin"]
[Result "0-1"]
[ECO "C47"]
[WhiteElo "1893"]
[BlackElo "1885"]
[Annotator "NA RC"]
[PlyCount "94"]
[EventDate "2024.03.23"]
[EventType "swiss"]
[EventCountry "AUT"]
[SourceTitle "playchess.com"]
[Source "ChessBase"]
[SourceQuality "1"]
[TimeControl "5400+30"]

1. e4 e5 2. Nc3 Nc6 3. Nf3 Nf6 4. a3 Be7 5. d4 exd4 6. Nxd4 d6 7. Be2 O-O 8. Be3 Re8 $11 9. O-O h6 10. f4 d5 11. Nxc6 bxc6 12. e5 Nd7 13. Bh5 Nb6 14. b3 c5 15. Bd2 d4 16. Ne4 d3 17. c4 Qd4+ 18. Nf2 Bb7 19. Bf3 Bxf3 20. Qxf3 Qb2 21. Qd1 Rad8 22. Kh1 f5 23. Rb1 Qd4 24. Qh5 Rf8 25. Nd1 a5 26. Ne3 Qd7 27. Rf3 Qe6 28. Rg3 Kh7 29. Bxa5 Rd4 30. Bxb6 cxb6 31. Nd5 b5 32. Nxe7 Qxe7 33. Qg6+ Kh8 34. cxb5 d2 35. Rd1 Re4 36. h3 Re1+ 37. Kh2 Rxd1 38. Rd3 Rd8 39. Qh5 Rxd3 40. Qxd1 Qh4 41. a4 Qg3+ 42. Kg1 Qe1+ 43. Kh2 Qxd1 44. b6 Qxb3 45. a5 d1=Q 46. e6 Rxh3+ 47. gxh3 Qe2+ 0-1

[Event "Austrian Youth-ch U16 Boys 2024"]
[Site "Leibnitz"]
[Date "2024.03.28"]
[Round "7.5"]
[White "Guba, Viktor"]
[Black "Gruenwald, Simon"]
[Result "0-1"]
[ECO "B00"]
[WhiteElo "1892"]
[BlackElo "2117"]
[Annotator "RC"]
[PlyCount "90"]
[EventDate "2024.03.23"]
[EventType "swiss"]
[EventCountry "AUT"]
[SourceTitle "playchess.com"]
[Source "ChessBase"]
[SourceQuality "1"]
[TimeControl "5400+30"]

1. e4 b6 2. d4 Bb7 3. Bd3 e6 4. Ne2 Ne7 5. O-O g6 6. Be3 Bg7 7. c3 h6 8. Nd2 d6 9. b4 a6 10. Nb3 O-O 11. Rb1 f5 12. f3 g5 13. a4 f4 14. Bf2 Qe8 15. a5 b5 16. c4 c6 17. cxb5 cxb5 18. Rc1 Nbc6 19. Qd2 Rc8 20. Rfe1 Qf7 21. Nc3 Nxb4 22. Nxb5 Nxd3 23. Nxd6 Nxc1 24. Nxf7 Nxb3 25. Qb4 Kxf7 26. Qxb7 Nxa5 27. Qxa6 Nac6 28. e5 Rfd8 29. Qa4 Nd5 30. Rb1 Nce7 31. Re1 Rc7 32. g4 Rdc8 33. Qd1 Rc2 34. Qb1 Bf8 35. h4 Bg7 36. h5 R8c7 37. Qb5 Rd2 38. Qb1 Rcc2 39. Rc1 Rb2 40. Qh7 Rxf2 41. Rc8 Rg2+ 42. Kh1 Rh2+ 43. Kg1 Rbg2+ 44. Kf1 Ne3+ 45. Ke1 Re2# 0-1

[Event "Austrian Youth-ch U16 Boys 2024"]
[Site "Leibnitz"]
[Date "2024.03.28"]
[Round "7.6"]
[White "Hellerschmid, Andreas"]
[Black "Standhartinger, Joachim"]
[Result "1/2-1/2"]
[ECO "C29"]
[WhiteElo "1827"]
[BlackElo "1930"]
[Annotator "RC"]
[PlyCount "99"]
[EventDate "2024.03.23"]
[EventType "swiss"]
[EventCountry "AUT"]
[SourceTitle "playchess.com"]
[Source "ChessBase"]
[SourceQuality "1"]
[TimeControl "5400+30"]

1. e4 e5 2. Nc3 Nf6 3. f4 d5 4. fxe5 Nxe4 5. Qf3 f5 6. d3 Nxc3 7. bxc3 d4 8. Qg3 Nc6 9. Be2 g6 10. c4 Bg7 11. Bf4 Qe7 12. Nf3 O-O 13. h4 Re8 14. O-O Nxe5 15. Nxe5 Bxe5 16. Rfe1 Bxf4 17. Qxf4 Qe3+ 18. Qxe3 Rxe3 19. Bf3 f4 20. Rf1 c5 21. Rab1 Rb8 22. Bd5+ Kg7 23. Rxf4 Re2 24. Rf2 Rxf2 25. Kxf2 Bd7 26. Rxb7 Rxb7 27. Bxb7 Ba4 28. Ke2 Bxc2 29. Bc6 a5 30. Kd2 Bb1 31. Ba4 Kf6 32. Bd1 Kf5 33. a4 Kf4 34. g4 Kg3 35. h5 gxh5 36. gxh5 h6 37. Be2 Kf2 38. Bg4 Ba2 39. Kc2 Ke3 40. Bf5 Ke2 41. Bg4+ Ke3 42. Bd1 Kf2 43. Kb2 Ke1 44. Bg4 Kd2 45. Kxa2 Kxd3 46. Kb3 Kd2 47. Bf5 Kc1 48. Be4 Kd2 49. Kb2 Kd1 50. Kb3 1/2-1/2

[Event "Austrian Youth-ch U16 Boys 2024"]
[Site "Leibnitz"]
[Date "2024.03.28"]
[Round "7.8"]
[White "Nicolussi, Hieronymus"]
[Black "Martinovic, David"]
[Result "1/2-1/2"]
[ECO "C30"]
[WhiteElo "1861"]
[BlackElo "1893"]
[Annotator "NA RC"]
[PlyCount "160"]
[EventDate "2024.03.23"]
[EventType "swiss"]
[EventCountry "AUT"]
[SourceTitle "playchess.com"]
[Source "ChessBase"]
[SourceQuality "1"]
[TimeControl "5400+30"]

1. e4 e5 2. Nc3 Nc6 3. Bc4 Nf6 4. d3 Bc5 5. f4 d6 6. Nf3 a6 7. f5 Na5 8. Bg5 $11 Nxc4 9. dxc4 c6 10. Qd3 b5 11. cxb5 axb5 12. Be3 Qb6 13. Nd1 b4 14. c4 bxc3 15. Bxc5 Qxc5 16. Nxc3 Ba6 17. Qd2 O-O 18. Qf2 Qb4 19. O-O-O Nxe4 20. Nxe4 Qxe4 21. f6 Qf4+ 22. Qd2 Qxf6 23. Qxd6 Be2 24. Qxf6 gxf6 25. Rd6 Rxa2 26. Kc2 Rb8 27. Rb1 e4 28. Ne1 c5 29. Rxf6 c4 30. Rf2 Bd3+ 31. Nxd3 cxd3+ 32. Kc3 e3 33. Rf3 Rbxb2 34. Rxb2 Rxb2 35. Kxd3 Rxg2 36. Kxe3 Rxh2 37. Rg3+ Kf8 38. Kf4 f6 39. Ra3 Kf7 40. Kg3 Rh5 41. Kf4 Kg6 42. Rg3+ Rg5 43. Rh3 h5 44. Rh2 Rg4+ 45. Kf3 Kg5 46. Ra2 h4 47. Ra5+ f5 48. Ra8 Rg3+ 49. Kf2 Rb3 50. Ra4 h3 51. Ra8 Kg4 52. Rg8+ Kf4 53. Rh8 Rb2+ 54. Kg1 Kg3 55. Rg8+ Kf3 56. Rh8 Rb1+ 57. Kh2 f4 58. Rxh3+ Kf2 59. Ra3 Rb2 60. Kh3 Rb4 61. Ra2+ Ke3 62. Ra3+ Ke4 63. Kg2 Rb2+ 64. Kf1 Kf5 65. Ra5+ Kg4 66. Ra3 Rd2 67. Rb3 Rh2 68. Ra3 Rh1+ 69. Kf2 Rd1 70. Rb3 f3 71. Rb8 Rd2+ 72. Kf1 Rd4 73. Rg8+ Kf4 74. Rf8+ Ke3 75. Re8+ Re4 76. Rxe4+ Kxe4 77. Kf2 Kf4 78. Kf1 Kg3 79. Kg1 f2+ 80. Kf1 Kf3 1/2-1/2